ThisIsTheSuxx0r, neutral female scurrid Tourist -.--- - |.W.... |@`<{.| .v....| ------- ThisIsTheSuxx0r the Rambler Experience level: 1 Strength: 8 Dexterity: 17 Constitution: 11 Intelligence: 14 Wisdom: 9 Charisma: 16 Health: 4(9) Energy: 2(2) Def: 0 Gold: 905 Moves: 33 Dungeon seed: _jV2eEFVuuYV995- Game ID: ThisIsTheSuxx0r_1498232471 Your Inventory: Coins $ - 905 gold pieces Weapons a - 44 blessed +2 darts (in quiver) Armor e - a blessed +0 Hawaiian shirt (being worn) Comestibles b - 2 uncursed food rations c - 4 uncursed tripe rations d - 4 uncursed chestnuts f - an uncursed egg Scrolls h - 4 uncursed scrolls of magic mapping Potions g - 2 uncursed potions of extra healing Wands k - an uncursed wand of secret door detection (0:11) Tools i - an uncursed expensive camera (0:55) j - an uncursed credit card l - an uncursed oil lamp (0:1267) Spells and supernatural/magical abilities: Name Level Category Fail Memory W - pray for help -- divine ? -- Your skills at the end: Miscellaneous Skills wands [Basic] Weapon Skills dart [Basic] Spellcasting Skills Final Attributes: You were devoutly aligned. You had infravision. You were very stealthy. You are dead. Voluntary challenges: You went without food. You did not adorn yourself with jewelry or accessories. You did not cause conflict. You were not invisible. You did not have reflection. You were not displaced. You were an atheist. You never hit with a wielded weapon. You were a pacifist. You did not use tools. You did not use plumbed fixtures. You did not drink any magical draughts. You were illiterate. You never genocided any monsters. You never polymorphed an object. You never changed form. You used no wishes. You never split a pudding. You never wrote Elbereth's name. You never violated your personal moral code. Dungeon overview: The Dungeons of Doom: levels 1 to 15 Level 1 a long staircase Level 2 a general store Level 3 Level 4 Level 5 Level 6 Level 7 Level 8 Level 9 Level 10 a fountain Level 11 Level 12 a delicatessen Level 13 Level 14 Level 15 <- You were here a fountain History has recorded: On T:1 you entered the Dungeons of Doom to retrieve the Amulet of Yendor! On T:4 you reached level 2 of The Dungeons of Doom. On T:6 you reached level 3 of The Dungeons of Doom. On T:8 you reached level 4 of The Dungeons of Doom. On T:10 you reached level 5 of The Dungeons of Doom. On T:13 you reached level 6 of The Dungeons of Doom. On T:15 you reached level 7 of The Dungeons of Doom. On T:17 you reached level 8 of The Dungeons of Doom. On T:19 you reached level 9 of The Dungeons of Doom. On T:22 you reached level 10 of The Dungeons of Doom. On T:24 you reached level 11 of The Dungeons of Doom. On T:26 you reached level 12 of The Dungeons of Doom. On T:28 you reached level 13 of The Dungeons of Doom. On T:31 you reached level 14 of The Dungeons of Doom. On T:33 you reached level 15 of The Dungeons of Doom. Score breakdown: Gold: 0 ( 0 points) Experience: 1 level ( 0 points) Exploration: 15 levels ( 420 points) Discoveries: 0 items ( 0 points) Variety of kills: 0 monsters ( 0 points) Major goal: (nothing yet) ( 0 points) Survival: died (score multiplied by 3) Total score: 1260 Latest messages: You continue digging downward. You dig a hole through the floor. You fall through... The barrow wight wields a long sword! The barrow wight casts a spell! The barrow wight is suddenly moving faster. The barrow wight claws you! You start digging downward. You continue digging downward. You dig a pit in the floor. The barrow wight swings his long sword at you. The barrow wight hacks you! The barrow wight points at you, then curses. The barrow wight claws you! You continue digging downward. You dig a hole through the floor. You fall through... The barrow wight swings his long sword at you. The barrow wight hacks you! The barrow wight points at you, then curses. The barrow wight claws you! The barrow wight swings his long sword at you. The barrow wight slashes you! Final status: Aloha ThisIsTheSuxx0r the Tourist, drained of life by a barrow wight... You died in The Dungeons of Doom on dungeon level 15 with 1260 points, and 905 pieces of gold, after 33 moves. You were level 1 with a maximum of 9 hit points when you died.